 Dungeon Crawl Stone Soup version 0.32-a0-913-g739538afd8 (webtiles) character file.

Game seed: 16820464541875922368

7 redmage the Slasher (level 2, 22/22 HPs)
             Began as a Coglin Gladiator on Apr 7, 2024.
             Quit the game on level 1 of the Dungeon.
             The game lasted 00:01:09 (82 turns).

redmage the Slasher (Coglin Gladiator)                Turns: 82, Time: 00:01:10

Health: 22/22      AC:  9    Str: 14    XL:     2   Next: 0%
Magic:  2/2        EV:  6    Int:  7    God:
Gold:   0          SH:  0    Dex: 15    Spells: 1/1 levels left

rFire   . . .        a - +0 long sword {Apolônia}
rCold   . . .        f - +0 dagger {Seoyun}
rNeg    . . .        g - +0 chain mail
rPois   .            c - +0 helmet
rElec   .            (no cloak)
rCorr   .            (no gloves)
SInv    .            (no boots)
Will    .....        (amulet unavailable) Stlth
                     (ring unavailable)
HPRegen 0.23/turn    (ring unavailable)
MPRegen 0.08/turn    (no gizmo)

%: no passive effects
@: revving
A: off-hand wielding, slow wielding, warmup strikes, no jewellery
a: Invent Gizmo


You were on level 1 of the Dungeon.
You visited 1 branch of the dungeon, and saw 1 of its levels.

Inventory:

Hand Weapons
 a - a +0 long sword (weapon) {Apolônia}
 f - a +0 dagger (offhand) {Seoyun}
Missiles
 b - 2 curare-tipped darts
 d - 3 throwing nets (quivered)
 e - a javelin
Armour
 c - a +0 helmet (worn)
 g - a +0 chain mail (worn)


   Skills:
 + Level 2.1 Fighting
 + Level 3.1 Long Blades
 + Level 2.0 Throwing
 + Level 2.8 Dodging


You had one spell level left.
You didn't know any spells.
Your spell library was empty.

Dungeon Overview and Level Annotations

Branches:
Dungeon (1/15)

Altars:

Annotations:
D:1 1 transporter


Innate Abilities, Weirdness & Mutations

You can wield a second weapon in your off-hand.
It takes a long time for you to wield or remove held weapons.
Your first few attacks do less damage.
You cannot equip rings or amulets.


Message History

No target in view!
No target in view!
No target in view!
No target in view!
No target in view!
No target in view!
No target in view!
No target in view!
No target in view!
No target in view!
No target in view!
No target in view!
No target in view!
No target in view!
No target in view!
No target in view!
No target in view!
No target in view!
No target in view!
No target in view!
No target in view!
No target in view!
No target in view!
No target in view!
No target in view!
You see here a hobgoblin corpse.
Found 2 curare-tipped darts.
You see here 2 curare-tipped darts.
b - 2 curare-tipped darts
Found a notched glass ring.
A rat comes into view.
The rat squeaks loudly.
A giant cockroach comes into view.
The rat bites you but does no damage.
You see here a ring of protection from cold.
You hit the rat with your +0 dagger.
You kill the rat!
Your Throwing skill increases to level 2!
You have reached level 2!
Are you sure you want to abandon this character and quit the game? (Confirm with "yes".)

..#.#
##..##.....#
###..#
#..###.##.#
# .## # #
#.##.# # .#
#.##.# # .#
#.##.# ###.#
#.##.# ...(>
..##.# ###.#
#.#####.#
.......@#
#.#####.#
#.# #.# #B#
#.# #.# ..#


You could see a giant cockroach.

Vanquished Creatures
  A giant cockroach (D:1)
  A hobgoblin (D:1)
  A kobold (D:1)
  A quokka (D:1)
  A goblin (D:1)
  A rat (D:1)
6 creatures vanquished.

Notes
Turn   | Place    | Note
-------+----------+-------------------------------------------
     0 | D:1      | redmage the Coglin Gladiator began the quest for the Orb.
     0 | D:1      | Reached XP level 1. HP: 16/16 MP: 1/1
    82 | D:1      | Reached XP level 2. HP: 22/22 MP: 2/2
    82 | D:1      | Quit the game

Illustrated notes

Levels and vault maps discovered:
D:1:      spicycebolla_arrival_transporter_tutorial, layout_loops_ring

Skill      XL: |  1 |
---------------+----+-----
Throwing       | 2 |  2.0
Fighting       | |  2.1
Long Blades    | |  3.1
Dodging        | |  2.8

Action                     || total
---------------------------++-------
  Melee: Long sword        ||     9
         Dagger            ||     8
 Armour: Chain mail        ||     4
         Leather armour    ||     3
  Dodge: Dodged            ||     5

Table legend: (Time is in decaauts)
 A = Elapsed time spent in this place.
 B = Non-inter-level travel time spent in this place.
 C = Inter-level travel time spent in this place.
 D = Time resting spent in this place.
 E = Time spent auto-exploring this place.
 F = Levels seen in this place.
 G = Mean time per level.
                   A        B        C        D        E       F      G
               +--------+--------+--------+--------+--------+-----+--------+
         Total |     84 |     84 |      0 |      0 |     22 |   1 |   84.0 |
       Dungeon |     84 |     84 |      0 |      0 |     22 |   1 |   84.0 |
               +--------+--------+--------+--------+--------+-----+--------+

Top non-repeatable levels by time:
     D:1: 84 daAuts
